 Seeded DCSS version 0.30-a0-867-g305f33218d (webtiles) character file.

Game seed: 20230310 (custom seed)

56 muata the Conjurer (level 4, 0/30 HPs)
             Began as a Human Conjurer on Mar 10, 2023.
             Slain by Terence
             ... wielding a +0 short sword
              (1 damage)
             ... on level 2 of the Dungeon.
             The game lasted 00:06:58 (2001 turns).

muata the Conjurer (Human Conjurer)                 Turns: 2001, Time: 00:06:58

Health: 0/30       AC:  3    Str:  7    XL:     4   Next: 17%
Magic:  0/9        EV: 12    Int: 20    God:
Gold:   108        SH:  0    Dex: 12    Spells: 7/10 levels left

rFire   . . .      SeeInvis .    c - +0 dagger
rCold   . . .      Faith    .    (no shield)
rNeg    . . .      Spirit   .    a - +0 robe
rPois   .          Reflect  .    (no helmet)
rElec   .          Rampage  .    h - +0 cloak
rCorr   .                        (no gloves)
Will    .....                    (no boots)
Stlth   ++                       (no amulet)
HPRegen 0.25/turn                (no ring)
MPRegen 0.11/turn                (no ring)

@: no status effects
A: no striking features
a: no special abilities


You were on level 2 of the Dungeon.
You visited 1 branch of the dungeon, and saw 2 of its levels.

You collected 108 gold pieces.

Inventory:

Hand Weapons
 c - a +0 dagger (weapon)
Armour
 a - a +0 robe (worn)
 h - a +0 cloak (worn)
Scrolls
 e - a scroll of amnesia {unknown}
 f - 2 scrolls of teleportation {unknown}
 i - a scroll of enchant armour {unknown}
 j - a scroll of fear {unknown}
Potions
 b - 2 potions of magic
 d - a potion of haste {unknown}
 g - a potion of berserk rage {unknown}
 k - 2 potions of degeneration {unknown}
 l - a potion of attraction {unknown}


   Skills:
 - Level 2.0 Dodging
 - Level 2.0 Stealth
 + Level 3.8 Spellcasting
 - Level 4.0 Conjurations


You had 7 spell levels left.
You knew the following spells:

 Your Spells              Type           Power      Damage    Failure   Level
a - Magic Dart            Conj           76%        1d6       2%          1
b - Searing Ray           Conj           38%        2d5       3%          2

Your spell library contained the following spells:

 Spells                   Type           Power      Damage    Failure   Level
 Dazzling Flash           Conj/Hex       22%        N/A       17%         3
 Fulminant Prism          Conj/Hex       5%         3d7       50%         4
 Iskenderun's Mystic Bla  Conj/Tloc      11%        2d4       50%         4


Dungeon Overview and Level Annotations

Branches:
Dungeon (2/15)

Altars:

Annotations:
D:2 Terence


Message History

Casting: Magic Dart (safe; 2% risk of failure)
Confirm with . or Enter, or press ? or * to list all spells.
Aiming: Magic Dart (safe; 2% risk of failure)
Press: ? - help, Shift-Dir - straight line, f/p - Terence
Aim: Terence, wielding a +0 short sword and wearing a +1 scale mail of fire resistance (severely wounded, 100% to hit)
The magic dart hits Terence.
Terence is severely wounded.
Terence hits you but does no damage.
Casting: Magic Dart (safe; 2% risk of failure)
Confirm with . or Enter, or press ? or * to list all spells.
Aiming: Magic Dart (safe; 2% risk of failure)
Press: ? - help, Shift-Dir - straight line, f/p - Terence
Aim: Terence, wielding a +0 short sword and wearing a +1 scale mail of fire resistance (severely wounded, 100% to hit)
The magic dart hits Terence.
Terence is severely wounded.
Terence hits you with a +0 short sword.
You barely miss Terence.
Terence is severely wounded.
Terence hits you with a +0 short sword.
You barely miss Terence.
Terence is severely wounded.
Terence closely misses you.
You hit Terence but do no damage.
Terence is severely wounded.
Terence hits you with a +0 short sword.
You hit Terence but do no damage.
Terence is severely wounded.
Terence hits you with a +0 short sword.
* * * LOW HITPOINT WARNING * * *
You hit Terence but do no damage.
Terence is severely wounded.
Terence closely misses you.
You barely miss Terence.
Terence is severely wounded.
Terence hits you with a +0 short sword!
* * * LOW HITPOINT WARNING * * *
You closely miss Terence.
Terence is severely wounded.
Terence hits you with a +0 short sword.
You die...

#.# #.########### #.#
#.##.........
#.##########.##.########
#.............#<#.......
############....#.######
.......####.#
###########.#
#...........#
#@#########.# .......@#
######.# ##.###..#
#......# #..# #)####.#
#..####.# #.# ........#
#.# #..###### #.# #..#
#.# #.#


You could see Terence.

Vanquished Creatures
  An adder (D:2)
  An ufetubus (D:2)
  A worm (D:2)
  8 endoplasms
  2 giant cockroaches
  3 goblins
  4 hobgoblins
  2 kobolds
  A quokka (D:2)
  3 ball pythons (D:1)
  5 bats
  3 frilled lizards
  2 rats (D:1)
36 creatures vanquished.

Notes
Turn   | Place    | Note
-------+----------+-------------------------------------------
     0 | D:1      | muata the Human Conjurer began the quest for the Orb.
     0 | D:1      | Reached XP level 1. HP: 13/13 MP: 3/3
   217 | D:1      | Reached XP level 2. HP: 19/19 MP: 1/5
   555 | D:1      | Learned a level 2 spell: Searing Ray
   679 | D:1      | Found a faded altar of an unknown god.
   736 | D:1      | Reached XP level 3. HP: 24/24 MP: 3/7
  1673 | D:2      | Reached XP level 4. HP: 30/30 MP: 5/9
  1858 | D:2      | Noticed Terence
  2000 | D:2      | HP: 1/30 [Terence/+0 short sword (8)]
  2001 | D:2      | Slain by Terence

Illustrated notes

Levels and vault maps discovered:
D:1:      mrwooster_arrival_arrow, layout_loops_ring,
          shapermc_ecumenical_altar_petra,
          nicolae_concentric_dashed_squares_mild, minmay_indecisive_spiral
D:2:      layout_loops_ring, roderic_filled_cross, uniq_terence

Skill      XL: |  1  2 |
---------------+-------+-----
Spellcasting   | 3 |  3.8
Dodging        | |  2.0
Stealth        | |  2.0
Conjurations   | |  4.0

Action                     |  1- 3 |  4- 6 || total
---------------------------+-------+-------++-------
  Melee: Unarmed           |    11 |       ||    11
         Dagger            |    20 |     7 ||    27
   Cast: Magic Dart        |    52 |    21 ||    73
         Searing Ray       |     2 |       ||     2
 Armour: Robe              |     7 |     9 ||    16
  Dodge: Dodged            |    21 |    18 ||    39

Table legend: (Time is in decaauts)
 A = Elapsed time spent in this place.
 B = Non-inter-level travel time spent in this place.
 C = Inter-level travel time spent in this place.
 D = Time resting spent in this place.
 E = Time spent auto-exploring this place.
 F = Levels seen in this place.
 G = Mean time per level.
                   A        B        C        D        E       F      G
               +--------+--------+--------+--------+--------+-----+--------+
         Total |   2001 |   1991 |     10 |    480 |   1110 |   2 | 1000.5 |
       Dungeon |   2001 |   1991 |     10 |    480 |   1110 |   2 | 1000.5 |
               +--------+--------+--------+--------+--------+-----+--------+

Top non-repeatable levels by time:
     D:1: 1122 daAuts
     D:2: 879 daAuts
